 Dungeon Crawl Stone Soup version 0.25.0-65-g31bcc41 (webtiles) character file.

3160 Dorkslayer the Chopper (level 9, 0/55 HPs)
             Began as a Gargoyle Fighter on Nov 14, 2020.
             Was a Believer of Okawaru.
             Slain by a naga
             ... wielding a +0 war axe
              (3 damage)
             ... on level 2 of the Dungeon.
             The game lasted 00:06:19 (1597 turns).

Dorkslayer the Chopper (Gargoyle Fighter)           Turns: 1597, Time: 00:06:19

Health: 0/55       AC: 16    Str: 28    XL:     9   Next: 94%
Magic:  11/12      EV:  5    Int:  9    God:    Okawaru [**....]
Gold:   151        SH: 11    Dex:  9    Spells: 8/8 levels left

rFire    . . .     SeeInvis .   k - +3 hand axe (flame)
rCold    . . .     Gourm    +   c - +0 shield
rNeg     + . .     Faith    .   q - +0 chain mail
rPois    ∞         Spirit   .   (no helmet)
rElec    +         Reflect  .   (no cloak)
rCorr    .         Harm     .   (no gloves)
MR       .....                  (no boots)
Stlth    ..........             h - amulet of the gourmand
HPRegen  0.18/turn              (no ring)
MPRegen  0.13/turn              (no ring)

@: mighty, constricted
A: negative energy resistance 1, electricity resistance, unbreathing,
petrification resistance, rot immunity, AC +6
a: Heroism, Renounce Religion


You were on level 2 of the Dungeon.
You worshipped Okawaru.
Okawaru was pleased with you.
You were very full.

You visited 2 branches of the dungeon, and saw 3 of its levels.

You collected 151 gold pieces.

Inventory:

Hand Weapons
 a - a +0 long sword
 k - a +3 hand axe of flaming (weapon)
 p - a +4 flail
Missiles
 i - 4 curare-tipped needles (quivered)
Armour
 c - a +0 shield (worn)
 q - a +0 chain mail (worn)
Jewellery
 h - an amulet of the gourmand (around neck)
Wands
 e - a wand of digging (8)
 r - a wand of polymorph (7)
Scrolls
 b - a scroll of fog {unknown}
 j - 2 scrolls of fear {unknown}
 l - a scroll of amnesia
 m - 3 scrolls of enchant weapon
 n - 2 scrolls of remove curse
Potions
 g - a potion of cancellation
Comestibles
 f - 4 rations
 o - 5 chunks of flesh


   Skills:
 + Level 6.0 Fighting
 + Level 3.4 Long Blades
 * Level 7.3 Axes
 + Level 6.6 Armour
 + Level 2.3 Dodging
 + Level 1.0 Stealth
 + Level 6.7 Shields
 * Level 4.4 Invocations


You had 8 spell levels left.
You didn't know any spells.
Your spell library contained the following spells:

 Spells                   Type           Power        Failure   Level  Hunger
 Infusion                 Chrm           #...         99%         1    ##.....
 Shroud of Golubria       Chrm/Tloc      #.........   100%        2    ###....
 Song of Slaying          Chrm           #.......     100%        2    ###....
 Regeneration             Chrm/Necr      #.........   100%        3    ####...
 Spectral Weapon          Hex/Chrm       #.......     100%        3    ####...


Dungeon Overview and Level Annotations

Branches:
Dungeon (2/3)              Temple (1/1) D:1           Slime (0/1) D:2
    Orc (0/1) D:2
  Swamp: D:2-3       Shoals: D:2-3        Snake: D:2-3       Spider: D:2-3
 Vaults: D:2-3

Altars:
Ashenzari
Cheibriados
Dithmenos
Nemelex Xobeh
Okawaru
Qazlal
Ru
Trog
Vehumet
Wu Jian
Xom
Jiyva

Shops:
D:2 [


Innate Abilities, Weirdness & Mutations

You are resistant to torment.
Your stone body is resilient. (AC +6)
You are immune to poison.
You resist negative energy. (rN+)
You are resistant to electric shocks. (rElec)
You can survive without breathing.
You are immune to petrification.
You are immune to rotting.


Message History

You slash the naga! You burn the naga. The naga barely misses you.
* * * LOW HITPOINT WARNING * * *
The naga constricts you. You block the naga's attack.
Okay, then.
You slash the naga! You burn the naga.
You kill the naga!
Okawaru accepts your kill.
Your Axes skill increases to level 6!
You slash the naga! You burn the naga.
You kill the naga!
Okawaru accepts your kill.
Your Fighting skill increases to level 6!
Your Axes skill increases to level 7!
Your Invocations skill increases to level 4!
Unknown command.
You barely miss the naga. The naga hits you but does no damage.
You block the naga's attack.
Your chain mail prevents you from hitting the naga.
The naga barely misses you. The naga grabs you.
You die...

#.......)....#
#.....)..)...#
#.#########..#
#.# ##.# ##.#
##### #.#
#..###.....
##. #÷##..?...
#. #.#.[.#
#.@N..#
#.#).?#
#.##.).... #.#
##..... #.#
##### #.# #..
###


You could see a naga.

Vanquished Creatures
  A wyvern (D:2)
  2 nagas (D:2)
  A crimson imp (D:1)
  A quasit (D:2)
  A bullfrog zombie (D:1)
  A jelly (D:2)
  2 orc wizards (D:1)
  3 adders
  A shadow imp (D:2)
  2 oozes (D:2)
  A worm (D:1)
  13 orcs
  A quokka zombie (D:1)
30 creatures vanquished.

Notes
Turn   | Place    | Note
-------+----------+-------------------------------------------
     0 | D:1      | Dorkslayer the Gargoyle Fighter began the quest for the
                  | Orb.
     0 | D:1      | Reached XP level 1. HP: 14/14 MP: 1/1
   193 | D:1      | Reached XP level 2. HP: 10/20 MP: 2/2
   193 | D:1      | Reached XP level 3. HP: 12/24 MP: 3/3
   363 | D:1      | Reached XP level 4. HP: 29/29 MP: 4/4
   426 | D:1      | Reached skill level 1 in Axes
   426 | D:1      | Reached XP level 5. HP: 18/34 MP: 5/5
   426 | D:1      | Reached XP level 6. HP: 21/39 MP: 6/6
   658 | D:1      | Found a staircase to the Ecumenical Temple.
   664 | Temple   | Entered the Ecumenical Temple
   681 | Temple   | Became a worshipper of Warmaster Okawaru
   998 | D:1      | Reached skill level 5 in Fighting
   998 | D:1      | Reached skill level 2 in Axes
   998 | D:1      | Reached skill level 5 in Armour
   998 | D:1      | Reached skill level 5 in Shields
   998 | D:1      | Reached XP level 7. HP: 30/44 MP: 7/7
  1007 | D:1      | Reached * piety under Okawaru
  1007 | D:1      | Reached skill level 1 in Dodging
  1186 | D:1      | Found a stormy altar of Qazlal.
  1429 | D:2      | Found a runed door.
  1438 | D:2      | Found a viscous altar of Jiyva.
  1438 | D:2      | Found a staircase to the Slime Pits.
  1441 | D:2      | Reached skill level 3 in Axes
  1441 | D:2      | Reached skill level 1 in Invocations
  1441 | D:2      | Reached XP level 8. HP: 42/49 MP: 8/8
  1465 | D:2      | Noticed a sphinx
  1469 | D:2      | Noticed a cyclops
  1472 | D:2      | Noticed a wyvern
  1492 | D:2      | Killed a wyvern
  1492 | D:2      | Reached ** piety under Okawaru
  1492 | D:2      | Reached skill level 5 in Axes
  1492 | D:2      | Reached skill level 1 in Stealth
  1492 | D:2      | Reached XP level 9. HP: 23/54 MP: 7/11
  1495 | D:2      | Found Biec's Armour Shoppe.
  1495 | D:2      | Found a staircase to the Orcish Mines.
  1594 | D:2      | HP: 2/55 [naga/+0 trident (1)]
  1595 | D:2      | Reached skill level 6 in Axes
  1595 | D:2      | Reached skill level 7 in Axes
  1597 | D:2      | Slain by a naga

Skill      XL: |  1  2  3  4  5  6  7  8  9 |
---------------+----------------------------+-----
Long Blades    | 2 3 |  3.4
Fighting       | 4 5 6 |  6.0
Shields        | 4 5 6 |  6.7
Axes           | 1 2 3 5 7 |  7.3
Armour         | 4 5 6 |  6.6
Dodging        | 1 2 |  2.3
Invocations    | 1 2 4 |  4.4
Stealth        | 1 |  1.0

Action                   |  1- 3 |  4- 6 |  7- 9 || total
-------------------------+-------+-------+-------++-------
Melee: Long sword        |    24 |       |       ||    24
       Hand axe          |       |    46 |    56 ||   102
Invok: Heroism           |       |       |     1 ||     1
  Use: Scroll            |       |       |     6 ||     6
       Potion            |       |       |     3 ||     3
  Eat: Chunk             |       |     5 |     5 ||    10
Armor: Scale mail        |    14 |    20 |     3 ||    37
       Chain mail        |       |       |    38 ||    38
Dodge: Dodged            |     6 |    11 |    20 ||    37
Block: Shield            |    15 |    23 |    34 ||    72
       Rpst.: Long sword |     3 |       |       ||     3
